 Dungeon Crawl Stone Soup version 0.31-a0-833-gc15d34cb79 (webtiles) character file.

Game seed: 12220819857637894239

47 randomguy2701 the Cudgeller (level 3, -12/31 HPs)
             Began as a Gnoll Wanderer on Sept 26, 2023.
             Mangled by an orc priest
             ... wielding a +1 heavy flail
              (14 damage)
             ... on level 2 of the Dungeon.
             The game lasted 00:00:59 (988 turns).

randomguy2701 the Cudgeller (Gnoll Wanderer)         Turns: 988, Time: 00:01:00

Health: -12/31     AC:  3    Str: 13    XL:     3   Next: 70%
Magic:  4/4        EV: 12    Int: 12    God:
Gold:   51         SH:  0    Dex: 10    Spells: 4/4 levels left

rFire   . . .        a - +2 mace
rCold   . . .        (no shield)
rNeg    . . .        f - +0 leather armour
rPois   .            (no helmet)
rElec   .            (no cloak)
rCorr   .            (no gloves)
SInv    .            (no boots)
Will    .....        (no amulet)
Stlth   +            (no ring)
HPRegen 0.25/turn    (no ring)
MPRegen 0.09/turn

%: no passive effects
@: no status effects
A: fangs 1, strong nose, distributed training
a: no special abilities


You were on level 2 of the Dungeon.
You visited 1 branch of the dungeon, and saw 2 of its levels.

You collected 51 gold pieces.

Inventory:

Hand Weapons
 a - a +2 mace (weapon)
 d - a +0 dagger
Missiles
 c - 11 poisoned darts (quivered)
Armour
 f - a +0 leather armour (worn)
Scrolls
 b - a scroll of teleportation
 g - 2 scrolls of identify {unknown}
 j - a scroll of fog {unknown}
 k - a scroll of noise {unknown}
 l - 2 scrolls of poison {unknown}
 o - a scroll of amnesia {unknown}
Potions
 e - a potion of berserk rage
 h - a potion of heal wounds {unknown}
 i - a potion of brilliance {unknown}
 m - a potion of resistance {unknown}
 n - a potion of invisibility {unknown}


   Skills:
 + Level 4.6 Fighting
 + Level 1.0 Short Blades
 + Level 1.0 Long Blades
 + Level 1.0 Axes
 + Level 6.5 Maces & Flails
 + Level 1.0 Polearms
 + Level 1.0 Staves
 + Level 1.0 Ranged Weapons
 + Level 4.6 Throwing
 + Level 4.6 Armour
 + Level 2.6 Dodging
 + Level 1.0 Stealth
 + Level 1.0 Shields
 + Level 1.0 Unarmed Combat
 + Level 1.0 Spellcasting
 + Level 0.7 Conjurations
 + Level 0.7 Hexes
 + Level 0.7 Summonings
 + Level 0.7 Necromancy
 + Level 0.7 Translocations
 + Level 0.7 Transmutations
 + Level 0.7 Fire Magic
 + Level 0.7 Ice Magic
 + Level 0.7 Air Magic
 + Level 0.7 Earth Magic
 + Level 0.7 Poison Magic
 + Level 1.0 Invocations
 + Level 1.0 Evocations
 + Level 0.8 Shapeshifting


You had 4 spell levels left.
You didn't know any spells.
Your spell library contained the following spells:

 Spells                   Type           Power      Damage    Failure   Level
 Apportation              Tloc           4%         N/A       28%         1
 Jinxbite                 Hex            4%         N/A       38%         2
 Sublimation of Blood     Necr           2%         N/A       38%         2
 Wereblood                Tmut           2%         N/A       38%         2
 Alistair's Intoxication  Tmut/Pois      1%         N/A       100%        5
 Summon Hydra             Summ           1%         N/A       100%        7


Dungeon Overview and Level Annotations

Branches:
Dungeon (2/15)

Altars:

Shops:
D:1 *   D:2 :


Innate Abilities, Weirdness & Mutations

You have very sharp teeth.
Your uncanny sense of smell can sniff out nearby items.
Your experience applies equally to all skills.


Message History

The orc wizard gestures at you while chanting.
The magic dart hits you! The orc barely misses you.
You barely miss the orc.
The orc is moderately wounded.
The orc hits you with a +0 dagger.
You sock the orc!
You kill the orc!
The orc wizard hits you with a +0 dagger.
The orc priest barely misses you. The orc barely misses you.
The orc wizard hits you with a +0 dagger.
Your Short Blades skill increases to level 1!
Your Long Blades skill increases to level 1!
Your Axes skill increases to level 1!
Your Polearms skill increases to level 1!
Your Staves skill increases to level 1!
Your Ranged Weapons skill increases to level 1!
Your Stealth skill increases to level 1!
Your Shields skill increases to level 1!
Your Unarmed Combat skill increases to level 1!
Your Spellcasting skill increases to level 1!
Your Evocations skill increases to level 1!
You are too injured to fight recklessly!
Unknown command.
You closely miss the orc priest.
The orc priest mumbles some strange prayers to Beogh against you.
Beogh smites you!
* * * LOW HITPOINT WARNING * * *
The orc wizard barely misses you. The orc completely misses you.
You hit the orc priest. You bite the orc priest.
The orc priest is lightly wounded.
The orc priest completely misses you.
The orc wizard hits you with a +0 dagger.
* * * LOW HITPOINT WARNING * * *
The orc hits you with a +0 flail.
* * * LOW HITPOINT WARNING * * *
You barely miss the orc priest.
The orc priest is lightly wounded.
The orc wizard misses you. The orc closely misses you.
The orc priest hits you with a +1 heavy flail!
You die...

................#....
...............)#....###
...................###
..........#..##....#####
.......#(.......#.##...#
.......##...#.....##...#
............#.##.......#
......oo......####.#...#
#@o..........##..#
#...#.............
#............#####
#....#........#
#....########## #....#
#....# ######


You could see an orc priest, an orc wizard and an orc.

Vanquished Creatures
  An adder (D:2)
  A dart slug (D:1)
  An orc (D:2)
  6 bats
  4 endoplasms
  A giant cockroach (D:1)
  A hobgoblin (D:1)
  7 jackals
  2 ball pythons
  A frilled lizard (D:1)
  A goblin (D:1)
  3 kobolds
  2 rats (D:2)
31 creatures vanquished.

Notes
Turn   | Place    | Note
-------+----------+-------------------------------------------
     0 | D:1      | randomguy2701 the Gnoll Wanderer began the quest for the
                  | Orb.
     0 | D:1      | randomguy2701 set off with the following items: a +2 mace,
                  | a scroll of teleportation, 11 poisoned darts, a +0 dagger,
                  | a potion of berserk rage, a +0 leather armour.
     0 | D:1      | Reached XP level 1. HP: 20/20 MP: 1/1
   109 | D:1      | Found a faded altar of an unknown god.
   135 | D:1      | Found Poff's Assorted Antiques.
   261 | D:1      | Reached XP level 2. HP: 26/26 MP: 2/2
   685 | D:2      | Found Zecyje's Book Shop.
   729 | D:2      | Reached XP level 3. HP: 28/31 MP: 3/3
   921 | D:2      | Reached skill level 1 in Invocations
   986 | D:2      | Reached skill level 1 in Short Blades
   986 | D:2      | Reached skill level 1 in Long Blades
   986 | D:2      | Reached skill level 1 in Axes
   986 | D:2      | Reached skill level 1 in Polearms
   986 | D:2      | Reached skill level 1 in Staves
   986 | D:2      | Reached skill level 1 in Ranged Weapons
   986 | D:2      | Reached skill level 1 in Stealth
   986 | D:2      | Reached skill level 1 in Shields
   986 | D:2      | Reached skill level 1 in Unarmed Combat
   986 | D:2      | Reached skill level 1 in Spellcasting
   986 | D:2      | Reached skill level 1 in Evocations
   988 | D:2      | Mangled by an orc priest

Illustrated notes

Levels and vault maps discovered:
D:1:      minmay_arrival_four_houses, layout_loops_ring,
          ebering_ecumenical_altar_abandoned, serial_shops,
          nicolae_shop_tiny_real_fake_doors
D:2:      layout_rooms, serial_shops, shop

Skill      XL: |  1  2  3 |
---------------+----------+-----
Invocations    | 1 |  1.0
Short Blades   | 1 |  1.0
Long Blades    | 1 |  1.0
Axes           | 1 |  1.0
Polearms       | 1 |  1.0
Staves         | 1 |  1.0
Ranged Weapons | 1 |  1.0
Stealth        | 1 |  1.0
Shields        | 1 |  1.0
Unarmed Combat | 1 |  1.0
Spellcasting   | 1 |  1.0
Evocations     | 1 |  1.0
Fighting       | |  4.6
Maces & Flails | |  6.5
Throwing       | |  4.6
Armour         | |  4.6
Dodging        | |  2.6
Conjurations   | |  0.7
Hexes          | |  0.7
Summonings     | |  0.7
Necromancy     | |  0.7
Translocations | |  0.7
Transmutations | |  0.7
Fire Magic     | |  0.7
Ice Magic      | |  0.7
Air Magic      | |  0.7
Earth Magic    | |  0.7
Poison Magic   | |  0.7
Shapeshifting  | |  0.8

Action                     || total
---------------------------++-------
  Melee: Mace              ||    90
         Bite              ||     8
  Throw: Dart              ||     4
 Armour: Leather armour    ||    82
  Dodge: Dodged            ||    77

Table legend: (Time is in decaauts)
 A = Elapsed time spent in this place.
 B = Non-inter-level travel time spent in this place.
 C = Inter-level travel time spent in this place.
 D = Time resting spent in this place.
 E = Time spent auto-exploring this place.
 F = Levels seen in this place.
 G = Mean time per level.
                   A        B        C        D        E       F      G
               +--------+--------+--------+--------+--------+-----+--------+
         Total |    994 |    974 |     20 |      0 |    783 |   2 |  497.0 |
       Dungeon |    994 |    974 |     20 |      0 |    783 |   2 |  497.0 |
               +--------+--------+--------+--------+--------+-----+--------+

Top non-repeatable levels by time:
     D:1: 686 daAuts
     D:2: 308 daAuts
